 Dungeon Crawl Stone Soup version 0.20-a0-1050-g57248f3 (webtiles) character file.

369 Gorglomux the Cleaver (level 6, -7/51 HPs)
             Began as a Hill Orc Abyssal Knight on Apr 25, 2017.
             Was a Priest of Lugonu.
             Engulfed by a cloud of flame (23 damage)
             ... on level 3 of the Dungeon.
             The game lasted 00:03:39 (3057 turns).

Gorglomux the Cleaver (Hill Orc Abyssal Knight)     Turns: 3057, Time: 00:03:40

Health: -7/51      AC:  9    Str: 17    XL:     6   Next: 70%
Magic:  7/7        EV:  9    Int: 12    God:    Lugonu [***...]
Gold:   153        SH:  6    Dex: 13    Spells: 5/5 levels left

rFire    . . .     SeeInvis .   t - -2 war axe (curse)
rCold    . . .     Gourm    .   b - +2 buckler
rNeg     . . .     Faith    +   n - +0 scale mail
rPois    .         Spirit   .   (no helmet)
rElec    .         Reflect  .   (no cloak)
rCorr    .         Harm     .   o - +0 pair of gloves
MR       .....     Rnd*Tele +   q - +1 pair of boots (curse)
Stlth    ..........             e - amulet of faith {Faith, !P}
Regen    0.2/turn               s - ring of teleportation (curse) {+/*tele, !d}
MPRegen  0.1/turn               r - +3 ring of dexterity

@: no status effects
A: no striking features
a: Depart the Abyss, Bend Space, Banish, Renounce Religion


You were on level 3 of the Dungeon.
You worshipped Lugonu.
Lugonu was most pleased with you.
You were not hungry.

You visited 1 branch of the dungeon, and saw 3 of its levels.
You visited the Abyss 1 time.

You collected 153 gold pieces.

Inventory:

Hand Weapons
 a - a +1 hand axe
 m - a +0 hand axe of chopping
   (You took it off Terence on level 2 of the Dungeon)
 t - a cursed -2 war axe (weapon)
   (You took it off a hobgoblin on level 3 of the Dungeon)
Armour
 b - a +2 buckler (worn)
   (You found it on level 2 of the Dungeon)
 h - a +0 buckler
   (You found it on level 1 of the Dungeon)
 n - a +0 scale mail (worn)
   (You took it off Terence on level 2 of the Dungeon)
 o - a +0 pair of gloves (worn)
   (You found it on level 2 of the Dungeon)
 q - a cursed +1 pair of boots (worn)
   (You found it on level 2 of the Dungeon)
Jewellery
 e - an amulet of faith (around neck) {Faith, !P}
   (You found it on level 2 of the Dungeon)
 p - an uncursed ring of positive energy {rN+}
   (You found it on level 2 of the Dungeon)
 r - a +3 ring of dexterity (right hand)
   (You found it on level 2 of the Dungeon)
 s - a cursed ring of teleportation (left hand) {+/*tele, !d}
   (You found it on level 2 of the Dungeon)
Scrolls
 l - a scroll of teleportation
Potions
 f - a potion of curing
 g - a potion of brilliance {unknown}
 k - a potion of berserk rage {!q}
Comestibles
 c - 2 bread rations {@e1@e1}
 d - 3 royal jellies
 i - 8 chunks of flesh {@w0@w0}


   Skills:
 - Level 3.6 Fighting
 - Level 8.7 Axes
 - Level 2.1 Armour
 - Level 0.7 Dodging
 + Level 1.9 Shields
 - Level 2.4 Invocations


You had 5 spell levels left.
You didn't know any spells.

Dungeon Overview and Level Annotations

Branches:
Dungeon (3/15)

Altars:
Makhleb
Wu Jian


Message History

You closely miss the adder.
You feel sick. You block the adder's attack.
You take 1 damage, and have 43/51 hp.
Your scale mail prevents you from hitting the adder.
The adder bites you but does no damage.
Unknown command.
You closely miss the adder. The adder bites you but does no damage.
Unknown command.
You hit the adder.
You feel sick. The adder bites you but does no damage.
Unknown command.
You barely miss the adder. The adder barely misses you.
You closely miss the adder. The adder misses you.
You miss the adder.
You feel sick. The adder bites you but does no damage. The adder bites you.
You are more poisoned.
The adder poisons you!
You take 3 damage, and have 40/51 hp.
You hit the adder. You block the adder's attack.
You miss the adder.
You feel sick. The adder bites you but does no damage.
You take 1 damage, and have 39/51 hp.
Unknown command.
You slash the adder!
You kill the adder!
Lugonu accepts your kill.
You can now banish your foes.
You feel sick.
You take 1 damage, and have 39/51 hp.
Unknown command.
No target in view!
Unknown command.
Things that are here:
a war axe; a hobgoblin corpse You butcher the hobgoblin corpse.
You feel sick.
i - 5 chunks of flesh {@w0@w0} (gained 3)
You see here a war axe.
A hobgoblin comes into view.
You take 1 damage, and have 38/51 hp.
You feel sick.
The hobgoblin shouts!
The hobgoblin barely misses you.
You completely miss the hobgoblin.
You feel sick. The hobgoblin closely misses you.
You take 1 damage, and have 37/51 hp.
You barely miss the hobgoblin. The hobgoblin completely misses you.
You hit the hobgoblin.
The hobgoblin hits you but does no damage.
You slash the hobgoblin!
You kill the hobgoblin!
Lugonu accepts your kill.
You feel sick.
You take 1 damage, and have 36/51 hp.
No target in view!
Unknown command.
You now have 138 gold pieces (gained 8).
There is an open door, spattered with blood here.
You see here a hobgoblin corpse.
No target in view!
Unknown command.
There isn't anything here!
You feel sick.
There is an open door, spattered with blood here.
You see here a hobgoblin corpse.
You take 1 damage, and have 36/51 hp.
You butcher the hobgoblin corpse.
i - 8 chunks of flesh {@w0@w0} (gained 3)
There is an open door, spattered with blood here.
You feel sick.
You see here a war axe.
t - a war axe Wear which item (? for menu, Esc to quit)
That's the wrong kind of item! (Use * to select it.) Wear which item (? for menu, Esc to quit)
Okay, then.
Wield which item (- for none, * to show all)? (? for menu, Esc to quit)
It sticks to your hand!
t - a cursed -2 war axe (weapon)
You start resting.
You feel sick.
You are no longer poisoned.
You take 1 damage, and have 35/51 hp.
You start resting.
Health restored: 51
There is an open door, spattered with blood here.
You now have 153 gold pieces (gained 15).
A hobgoblin comes into view.
As you read the scroll labeled RIECOY VINOZUI, it crumbles to dust.
The creatures around you are filled with an inner flame!
It was a scroll of immolation.
You open the door.
Unknown command.
There is an open door here.
Unknown command.
Your scale mail prevents you from hitting the hobgoblin.
The hobgoblin hits you but does no damage.
Unknown command.
You slash the hobgoblin!
The hobgoblin explodes!
The fiery explosion engulfs you!
Ouch! That really hurt!
Lugonu accepts your kill.
You are engulfed in blazing flames.
You die...

###### ......# .....###
......# .....# .
#####....############...
................§.§.....
....'....)......@§§.....
#####....####...########
#....# #...#
#####....####...####
.....................
#####################


There were no monsters in sight!

Vanquished Creatures
  Sigmund (D:2)
  A hound (D:3)
  Jessica (D:2)
  Terence (D:2)
  7 adders
  3 worms
  A dart slug (D:2)
  A leopard gecko (D:1)
  10 bats
  A giant cockroach (D:2)
  6 goblins
  8 hobgoblins
  9 jackals
  3 quokkas (D:2)
  A ball python (D:1)
  4 frilled lizards
  6 kobolds
  4 rats
68 creatures vanquished.

Notes
Turn   | Place    | Note
-------+----------+-------------------------------------------
     0 | Abyss:1  | Gorglomux the Hill Orc Abyssal Knight began the quest for the Orb.
     0 | Abyss:1  | Reached XP level 1. HP: 19/19 MP: 2/2
     8 | D:1      | Escaped the Abyss
    70 | D:1      | Reached skill level 3 in Axes
   285 | D:1      | Reached XP level 2. HP: 12/26 MP: 3/3
   600 | D:1      | Reached skill level 4 in Axes
   623 | D:1      | HP: 6/26 [jackal (1)]
  1129 | D:1      | Reached XP level 3. HP: 29/31 MP: 4/4
  1318 | D:2      | Noticed Sigmund
  1335 | D:2      | Killed Sigmund
  1335 | D:2      | Reached skill level 7 in Axes
  1335 | D:2      | Reached XP level 4. HP: 35/39 MP: 5/5
  1335 | D:2      | Reached XP level 5. HP: 40/45 MP: 6/6
  1586 | D:2      | Found an ornate altar of the Wu Jian Council.
  1663 | D:2      | Reached ** piety under Lugonu
  1883 | D:2      | Noticed Terence
  1908 | D:2      | Killed Terence
  1908 | D:2      | Reached skill level 8 in Axes
  1908 | D:2      | Reached XP level 6. HP: 30/51 MP: 7/7
  2466 | D:2      | Noticed Jessica
  2478 | D:2      | Killed Jessica
  2869 | D:3      | Reached skill level 1 in Shields
  2878 | D:3      | Found a burning altar of Makhleb.
  2921 | D:3      | Reached *** piety under Lugonu
  3057 | D:3      | Engulfed by a cloud of flame

Vault maps used:
D:1:      dpeg_arrival_oval, minmay_misc_feat_room
D:2:      old_standard_altar, grunt_ministairs_11, kennysheep_generic_room_2,
          uniq_terence, uniq_jessica, uniq_sigmund
D:3:      makhleb_heckhound_becter, chequers_ecumenical_altar_island,
          nicolae_gozag_cash_rules_everything_around_me

Skill      XL: |  1  2  3  4  5  6 |
---------------+-------------------+-----
Axes           | 3 4 7 8 |  8.7
Shields        | 1 |  1.9
Fighting       | |  3.6
Armour         | |  2.1
Dodging        | |  0.7
Invocations    | |  2.4

Action                   |  1- 3 |  4- 6 || total
-------------------------+-------+-------++-------
Melee: Hand axe          |   107 |   150 ||   257
       War axe           |       |     2 ||     2
  Use: Potion            |     2 |     1 ||     3
       Scroll            |       |     5 ||     5
  Eat: Chunk             |     1 |     6 ||     7
Armor: Leather armour    |    48 |    11 ||    59
       Skin              |    26 |       ||    26
       Scale mail        |       |    47 ||    47
Dodge: Dodged            |    79 |    60 ||   139
Block: Buckler           |       |    12 ||    12

Vault maps used:
D:1:      dpeg_arrival_oval, minmay_misc_feat_room
D:2:      old_standard_altar, grunt_ministairs_11, kennysheep_generic_room_2,
          uniq_terence, uniq_jessica, uniq_sigmund
D:3:      makhleb_heckhound_becter, chequers_ecumenical_altar_island,
          nicolae_gozag_cash_rules_everything_around_me

Table legend:
 A = Turns spent in this place as a percentage of turns spent in the entire game.
 B = Non-inter-level travel turns spent in this place as a percentage of non-inter-level travel turns spent in the entire game.
 C = Inter-level travel turns spent in this place as a percentage of turns spent in this place.
 D = Turns resting spent in this place as a percentage of non-inter-level travel turns spent in this place.
 E = Turns spent auto-exploring this place as a percentage of non-inter-level travel turns spent in this place.
 F = Non-inter-level travel turns spent in this place divided by the number of levels of this place that you've seen.
                   A       B       C       D       E      F
               +-------+-------+-------+-------+-------+----------------------
         Total | 100.0 | 100.0 |   0.4 |   1.9 |   6.3 | 282.2
       Dungeon |  99.2 |  99.2 |   0.4 |   2.0 |   6.2 | 373.3
         Abyss |   0.8 |   0.8 |   0.0 |   0.0 |  11.1 |   9.0
               +-------+-------+-------+-------+-------+----------------------

Table legend:
 A = Kills in this place as a percentage of kills in entire the game.
 B = Kills by you in this place as a percentage of kills by you in the entire game.
 C = Kills by friends in this place as a percentage of kills by friends in the entire game.
 D = Other kills in this place as a percentage of other kills in the entire game.
 E = Experience gained in this place as a percentage of experience gained in the entire game.
 F = Experience gained in this place divided by the number of levels of this place that you have seen.
                   A       B       C       D       E      F
               +-------+-------+-------+-------+-------+----------------------
         Total | 100.0 | 100.0 |  -nan |  -nan | 100.0 | 132.0
       Dungeon | 100.0 | 100.0 |  -nan |  -nan | 100.0 | 176.0
               +-------+-------+-------+-------+-------+----------------------
